 Dungeon Crawl Stone Soup version 0.29.1-1-gd02db6906a (webtiles) character file.

Game seed: 14379549685607752989

6941 LustLizard the Carver (level 10, -6/82 HPs)
             Began as a Demonspawn Fighter on Oct 5, 2022.
             Was a High Priest of Okawaru.
             Killed by vampiric draining
             ... invoked by a vampire
              (11 damage)
             ... on level 9 of the Dungeon.
             The game lasted 00:23:01 (11392 turns).

LustLizard the Carver (Demonspawn Fighter)         Turns: 11392, Time: 00:23:02

Health: -6/82      AC:  3    Str: 16    XL:     10   Next: 80%
Magic:  0/11       EV: 15    Int: 10    God:    Okawaru [*****.]
Gold:   637        SH:  0    Dex: 23    Spells: 7/9 levels left

rFire   . . .      SeeInvis .   a - +0 long sword (elec)
rCold   . . .      Faith    .   (no shield)
rNeg    . . .      Spirit   +   (no body armour)
rPois   .          Reflect  .   (no helmet)
rElec   .          Harm     .   I - +2 cloak
rCorr   .          Rampage  .   (no gloves)
Will    +....                   (no boots)
Stlth   ++........              (no amulet)
HPRegen 0.23/turn               O - +6 ring of dexterity
MPRegen 0.24/turn               u - ring of willpower

@: no status effects
A: spiny 2, magic shield, magic regeneration, sturdy frame 1, weakness stinger 1
a: Renounce Religion, Heroism, Finesse, Duel


You were on level 9 of the Dungeon.
You worshipped Okawaru.
Okawaru was extremely pleased with you.
You visited 2 branches of the dungeon, and saw 10 of its levels.
You also visited: Bailey.

You collected 637 gold pieces.

Inventory:

Hand Weapons
 a - a +0 long sword of electrocution (weapon)
Missiles
 f - 63 stones
 y - 5 throwing nets
 B - 5 silver javelins (quivered)
 G - 10 poisoned darts
 H - 8 curare-tipped darts
 P - 6 atropa-tipped darts
Armour
 b - a +0 scale mail
 c - a +1 buckler
 e - a +0 chain mail
 q - the +0 ring mail of Classification {Fly rF+ rN++ Dex-2}
   (You found it on level 5 of the Dungeon)

   Dex:       It affects your dexterity (-2).
   rF:        It protects you from fire.
   rN:        It greatly protects you from negative energy.
   Fly:       It grants you flight.
 I - a +2 cloak (worn)
Jewellery
 j - a +6 ring of strength
 o - a +6 ring of intelligence
 t - a ring of protection from cold
 u - a ring of willpower (right hand)
 E - a ring of wizardry
 O - a +6 ring of dexterity (left hand)
 R - a ring of see invisible
Wands
 l - a wand of mindburst (28)
 r - a wand of flame (20)
 w - a wand of roots (11)
 J - a wand of polymorph (9)
 K - a wand of quicksilver (6)
 N - a wand of paralysis (6)
Scrolls
 h - 2 scrolls of amnesia
 k - a scroll of magic mapping
 m - a scroll of enchant armour
 p - 3 scrolls of poison
 s - 2 scrolls of teleportation
 v - 3 scrolls of immolation
 D - a scroll of silence {unknown}
 L - a scroll of noise {unknown}
 M - a scroll of fear
Potions
 d - 3 potions of might
 g - 2 potions of brilliance
 i - 4 potions of attraction
 n - 2 potions of ambrosia
 x - 2 potions of curing
 z - 2 potions of mutation
 A - 2 potions of lignification
 C - 2 potions of magic
 F - 2 potions of berserk rage
 Q - a potion of flight {unknown}


   Skills:
 + Level 8.7 Fighting
 * Level 10.6 Long Blades
 - Level 4.0 Throwing
 - Level 4.0 Armour
 + Level 4.3 Dodging
 - Level 4.0 Shields
 - Level 2.0 Earth Magic
 + Level 2.3 Invocations
 + Level 1.6 Evocations


You had 7 spell levels left.
You knew the following spells:

 Your Spells              Type           Power      Damage    Failure   Level
a - Passwall              Tmut/Erth      1%         N/A       36%         2

Your spell library contained the following spells:

 Spells                   Type           Power      Damage    Failure   Level
 Sandblast                Erth           8%         2d5       17%         1
 Freeze                   Ice            0%         1d3       36%         1
 Slow                     Hex            0%         N/A       36%         1
 Sting                    Tmut/Pois      0%         1d3       36%         1
 Ensorcelled Hibernation  Hex/Ice        0%         N/A       50%         2
 Poisonous Vapours        Pois/Air       0%         N/A       50%         2
 Scorch                   Fire           0%         2d5       50%         2
 Stone Arrow              Conj/Erth      4%         3d7       58%         3
 Confusing Touch          Hex            0%         N/A       75%         3
 Frozen Ramparts          Ice            0%         1d1       75%         3
 Gell's Gravitas          Tloc           0%         N/A       75%         3
 Lesser Beckoning         Tloc           0%         N/A       75%         3
 Spider Form              Tmut/Pois      0%         N/A       75%         3
 Teleport Other           Tloc           0%         N/A       75%         3
 Vampiric Draining        Necr           0%         2d6       75%         3
 Anguish                  Hex/Necr       0%         N/A       98%         4
 Flame Wave               Conj/Fire      0%         2d4       98%         4
 Hailstorm                Conj/Ice       0%         3d3       98%         4
 Olgreb's Toxic Radiance  Pois           0%         N/A       98%         4
 Summon Small Mammal      Summ           Unusable   N/A       N/A         1
 Call Canine Familiar     Summ           Unusable   N/A       N/A         3
 Summon Guardian Golem    Hex/Summ       Unusable   N/A       N/A         3
 Summon Cactus Giant      Summ           Unusable   N/A       N/A         6

Dungeon Overview and Level Annotations

Branches:
Dungeon (9/15)             Temple (1/1) D:5             Orc (0/2) D:9
 Bailey (visited)
   Lair: D:8-11

Altars:
Ashenzari
Cheibriados
Dithmenos
Fedhas
Gozag
Hepliaklqana
Kikubaaqudgha
Makhleb
Nemelex Xobeh
Okawaru
Qazlal
Ru
Sif Muna
Trog
Uskayaw
Vehumet
Wu Jian
Xom
Yredelemnul

Shops:
D:5 (

Annotations:
D:1 2 transporters
Temple 2 transporters


Innate Abilities, Weirdness & Mutations

You are mostly covered in sharp spines.
When hurt, damage is shared between your health and your magic reserves.
You regenerate magic rapidly.
Your movements are slightly less encumbered by armour. (ER -2)
You have a small tail.


Message History

The vampire draws life force from you!
The vampire is healed by the life force!
The vampire closely misses you. The vampire bites you!
The vampire draws strength from your injuries!
The vampire is struck by your spines. The vampire hits you!
The vampire bites you!
The vampire draws strength from your injuries!
You hit the vampire but do no damage.
The vampire is moderately damaged.
The vampire misses you. The vampire bites you.
The vampire draws strength from your injuries!
You hit the vampire but do no damage.
The vampire is moderately damaged.
The vampire barely misses you. The vampire bites you!
The vampire draws strength from your injuries!
You barely miss the vampire.
Your tail-slap misses the vampire.
The vampire is lightly damaged.
The vampire hits you but does no damage.
The vampire bites you.
* * * LOW HITPOINT WARNING * * *
The vampire draws strength from your injuries!
You slash the vampire! Lightning courses through the vampire!
The vampire is severely damaged.
You feel less confused.
You closely miss the vampire.
The vampire is severely damaged.
The vampire draws life force from you!
* * * LOW HITPOINT WARNING * * *
The vampire is healed by the life force!
Okay, then.
You closely miss the vampire.
You tail-slap the vampire, but do no damage.
The vampire is heavily damaged.
The vampire hits you.
* * * LOW HITPOINT WARNING * * *
The vampire closely misses you.
You slash the vampire!
The vampire is severely damaged.
The vampire draws life force from you!
You die...

##############################
..............................
.###...............#..#..##...
........#########.............
#####...#########.......#'##.#
#........@.....#....#..#.#
#.........V.........#..#.# ...#
#.....########†.....#..#.# ...#
#.....#......)†#....#..#.# ...#
#..##.#......#.#.####..#.# ...+
#..##.#......#...# #..#.#
...#####.....########...# ####.#
..>....####'##..#.....#.# #†#
##..##.#........#.##....#######†#


You could see a vampire.

Vanquished Creatures
  A two-headed ogre (D:8)
  An orc knight (Bailey)
  Maggie (D:8)
  A hornet (D:7)
  3 yaks (D:9)
  2 wyverns
  A steam dragon (D:5)
  3 water moccasins
  A sky beast (D:9)
  2 ice beasts (D:5)
  8 orc warriors
  2 ogres
  A black bear (D:6)
  2 centaurs
  A phantom (D:5)
  Blork the orc (D:6)
  A kobold brigand (D:6)
  5 bullfrogs
  4 scorpions
  A gnoll sergeant (D:5)
  A necrophage (D:5)
  5 wights
  9 killer bees
  2 howler monkeys
  Crazy Yiuf (D:7)
  4 hounds
  2 jellies
  A gnoll bouda (D:5)
  6 iguanas
  4 orc priests
  Natasha (thrice) (D:3)
  Ijyb (D:5)
  8 orc wizards
  25 gnolls
  4 adders
  3 ufetubi
  3 dart slugs
  49 orcs
  11 ball pythons
  5 bats
  5 endoplasms
  3 giant cockroaches
  9 hobgoblins
  4 quokkas
  4 frilled lizards
  7 goblins
  15 kobolds
  3 rats
239 creatures vanquished.

Vanquished Creatures (others)
  3 plants (D:8)
3 creatures vanquished.

Grand Total: 242 creatures vanquished

Notes
Turn   | Place    | Note
-------+----------+-------------------------------------------
     0 | D:1      | LustLizard the Demonspawn Fighter began the quest for the
                  | Orb.
     0 | D:1      | Reached XP level 1. HP: 18/18 MP: 1/1
   183 | D:1      | Reached skill level 2 in Long Blades
   313 | D:1      | Gained mutation: You are partially covered in sharp spines.
                  | [demonic ancestry]
   313 | D:1      | Reached XP level 2. HP: 21/24 MP: 2/2
   549 | D:1      | Reached skill level 1 in Throwing
   946 | D:2      | Gained mutation: You are mostly covered in sharp spines.
                  | [demonic ancestry]
   946 | D:2      | Reached XP level 3. HP: 29/29 MP: 3/3
  1543 | D:2      | Found a faded altar of an unknown god.
  1681 | D:3      | Gained mutation: Your movements are slightly less
                  | encumbered by armour. (ER -2) [demonic ancestry]
  1681 | D:3      | Reached XP level 4. HP: 30/35 MP: 4/4
  1683 | D:3      | Reached skill level 3 in Long Blades
  1857 | D:3      | Noticed Natasha
  1863 | D:3      | Killed Natasha
  2258 | D:3      | Reached XP level 5. HP: 42/42 MP: 5/5
  2273 | D:3      | Noticed Natasha
  2284 | D:3      | Killed Natasha
  2404 | D:3      | You fall into a shaft and drop 2 floors!
  2404 | D:5      | Entered Level 5 of the Dungeon
  2488 | D:5      | Identified the +0 ring mail of Classification {Fly rF+ rN++
                  | Dex-2}
  2528 | D:5      | Reached XP level 6. HP: 48/48 MP: 6/6
  2567 | D:3      | Reached skill level 4 in Long Blades
  2696 | D:3      | Noticed Natasha
  2701 | D:3      | Killed Natasha
  3385 | D:4      | Identified the +1 whip of Peace {vorpal, rC+ MP+9 Int+3}
  3447 | D:4      | Gained mutation: You regenerate magic rapidly. [demonic
                  | ancestry]
  3447 | D:4      | Reached XP level 7. HP: 44/55 MP: 7/7
  3716 | D:5      | Found a staircase to the Ecumenical Temple.
  3725 | Temple   | Entered the Ecumenical Temple
  3725 | Temple   | Found a transporter.
  3725 | Temple   | Found a transporter.
  3727 | Temple   | Found a transporter.
  3727 | Temple   | Found a transporter.
  3898 | Temple   | Became a worshipper of Warmaster Okawaru
  3937 | D:5      | Reached skill level 5 in Long Blades
  4109 | D:5      | Noticed Ijyb
  4127 | D:5      | Killed Ijyb
  4132 | D:5      | Found Zeitimok's Antique Weapon Emporium.
  4174 | D:5      | Reached skill level 5 in Fighting
  4182 | D:5      | Reached * piety under Okawaru
  4216 | D:5      | Reached skill level 6 in Long Blades
  4314 | D:5      | Noticed a steam dragon
  4322 | D:5      | Killed a steam dragon
  4323 | D:5      | Gained mutation: You have a small tail. [demonic ancestry]
  4323 | D:5      | Reached XP level 8. HP: 63/63 MP: 8/8
  4582 | D:5      | Reached ** piety under Okawaru
  4823 | D:5      | Reached skill level 7 in Long Blades
  5242 | D:5      | Reached skill level 8 in Long Blades
  5487 | D:5      | Found a hide-covered altar of Uskayaw.
  5884 | D:6      | Reached XP level 9. HP: 70/71 MP: 9/9
  5965 | D:6      | Reached *** piety under Okawaru
  6242 | D:6      | Noticed Blork the orc
  6254 | D:6      | Killed Blork the orc
  6606 | D:6      | Reached skill level 1 in Dodging
  7189 | D:7      | Found a runed translucent door.
  7190 | D:7      | Noticed Crazy Yiuf
  7197 | D:7      | Killed Crazy Yiuf
  7256 | D:7      | Found a flagged portal.
  7362 | Bailey   | Entered a bailey
  7536 | Bailey   | Noticed an orc knight
  7579 | Bailey   | Reached skill level 9 in Long Blades
  7721 | Bailey   | Killed an orc knight
  8047 | Bailey   | Identified the +0 helmet "Dozibis" {Harm rC+ Str-5 Int+3}
  8080 | Bailey   | Reached **** piety under Okawaru
  8239 | D:7      | Paralysed by a hornet for 1 turns
  8241 | D:7      | Gained mutation: When hurt, damage is shared between your
                  | health and your magic reserves. [demonic ancestry]
  8241 | D:7      | Reached XP level 10. HP: 68/80 MP: 10/10
  8709 | D:8      | Noticed a two-headed ogre
  8734 | D:8      | Killed a two-headed ogre
  8734 | D:8      | Received a gift from Okawaru
  8857 | D:8      | Found a shimmering altar of Xom.
  8859 | D:8      | Reached skill level 10 in Long Blades
  8993 | D:8      | Learned a level 2 spell: Passwall
  9077 | D:8      | Received a gift from Okawaru
  9123 | D:8      | Reached skill level 1 in Earth Magic
  9382 | D:8      | Noticed Maggie
  9393 | D:8      | Killed Maggie
 10520 | D:9      | Reached skill level 1 in Invocations
 10675 | D:9      | Reached skill level 1 in Evocations
 10826 | D:9      | Found a staircase to the Orcish Mines.
 10832 | D:9      | Reached ***** piety under Okawaru
 11392 | D:9      | Killed from afar by a vampire

Illustrated notes

Levels and vault maps discovered:
D:1:      spicycebolla_arrival_transporter_tutorial, layout_basic,
          minmay_statues_item, nicolae_hexahallways, chequers_garden,
          hangedman_abyss_or_decor_stabs
D:2:      layout_loops_corners, basic_ecumenical_altar,
          chequers_serial_rivers_small_b, amcnicky_mini_corridor_feature
D:3:      layout_loops_corners, uniq_natasha
D:4:      layout_basic
D:5:      layout_rooms, kennysheep_mini, minmay_temple_entry_glassed_door,
          serial_rivers, chequers_serial_rivers_micro_a,
          chequers_serial_rivers_micro_c, chequers_serial_rivers_micro_a,
          chequers_serial_rivers_small_a, serial_shops, nicolae_shop_trees,
          hangedman_abyss_or_decor_lesser_grid,
          minmay_fractal_squares_diagonal_5, uniq_ijyb
D:6:      cheibrodos_thug_alley, layout_gridville, hangedman_decor_opposing,
          uniq_blork_the_orc
D:7:      layout_gridville, enter_bailey_6, kennysheep_cluttered_room,
          uniq_crazy_yiuf_cottage
D:8:      layout_cave_pools, mainiacjoe_overflow_boulevard,
          nicolae_overflow_crystal_walls, uniq_maggie
D:9:      layout_stronghold, erik_orc_3, serial_shops, nicolae_shop_trees,
          dreamdust_princess_corridor, hangedman_misty_isle
Temple:   hellmonk_temple_divided_pantheon

Skill      XL: |  1  2  3  4  5  6  7  8  9 10 |
---------------+-------------------------------+-----
Long Blades    | 2 3 4 6 8 9 10 | 10.6
Throwing       | 1 2 3 4 |  4.0
Fighting       | 4 5 6 7 8 |  8.7
Shields        | 4 |  4.0
Dodging        | 2 4 |  4.3
Armour         | 4 |  4.0
Earth Magic    | 2 |  2.0
Invocations    | 2 |  2.3
Evocations     | 1 |  1.6

Action                   |  1- 3 |  4- 6 |  7- 9 | 10-12 || total
-------------------------+-------+-------+-------+-------++-------
Melee: Long sword        |    66 |   110 |   250 |   134 ||   560
       Tailslap          |       |       |    30 |    22 ||    52
       Punch             |       |       |       |     1 ||     1
Throw: Stone             |       |     1 |    12 |       ||    13
       Dart              |       |       |     9 |     7 ||    16
Invok: Heroism           |       |       |     1 |     1 ||     2
       Finesse           |       |       |       |     1 ||     1
Evoke: Wand              |       |     1 |       |       ||     1
  Use: Scroll            |       |       |    18 |     1 ||    19
       Potion            |       |       |     1 |       ||     1
Armor: Chain mail        |    31 |    40 |    84 |    13 ||   168
       Skin              |       |       |       |     6 ||     6
Dodge: Dodged            |     9 |    27 |    88 |    68 ||   192
Block: Buckler           |    10 |    22 |    47 |    27 ||   106
